 Dungeon Crawl Stone Soup version bcrawl-1.28.5 (console) character file.

Game seed: 10846546217445392324

377708 GodsVoicemail the Arsonist (level 13, -19/91 HPs)
             Began as a Demonspawn Wizard on Jan 20, 2021.
             Was a High Priest of Vehumet.
             Demolished by a two-headed ogre
             ... wielding a +0 giant spiked club
              (39 damage)
             ... on level 9 of the Dungeon on Feb 16, 2021.
             The game lasted 02:29:45 (20938 turns).

GodsVoicemail the Arsonist (Demonspawn Wizard)     Turns: 20938, Time: 02:29:45

Health: -19/91     AC:  9    Str: 12    XL:     13   Next: 86%
Magic:  32/36      EV: 14    Int: 30    God:    Vehumet [*****.]
Gold:   1571       SH:  6    Dex: 12    Spells: 4/32 levels left

rFire    + . .     SeeInvis +   a - +2 double sword {flame, freeze}
rCold    + . .     Gourm    .   (no shield)
rNeg     + . .     Faith    .   A - +0 troll leather armour
rPois    .         Spirit   .   (helmet unavailable)
rElec    .         Reflect  +   h - scarf {rC+ rF+}
rCorr    .         Harm     .   (gloves unavailable)
MR       .....                  i - +1 pair of boots "Aniy" {rN+}
Stlth    ++........             d - +6 amulet of reflection
HPRegen  0.65/turn              g - ring of Ino Hat {rC- MP+9 Str+4 Int+6 Slay+5}
MPRegen  0.25/turn              N - +3 ring of protection

@: very slightly contaminated
A: antennae 3, claws 3, talons 1, cold resistance 1, demonic guardian 1,
freezing cloud immunity
a: Renounce Religion


You were on level 9 of the Dungeon.
You worshipped Vehumet.
Vehumet was extremely pleased with you.
You were not hungry.

You visited 3 branches of the dungeon, and saw 18 of its levels.

You collected 1751 gold pieces.
You spent 180 gold pieces at shops.

Inventory:

Hand Weapons
 a - the +2 Maxwell's thermic engine (weapon) {flame, freeze}
   (You found it on level 3 of the Lair of Beasts)

   It has been specially enchanted to surge with flame as it hits, increasing
   damage dealt by approximately one third against foes not resistant or
   susceptible to fire.
   Its heat also prevents any hydra heads it cuts off from regrowing.
 u - a +2 staff
 D - a +2 hand axe of venom
 P - the +7 hunting sling of the Fox {freeze, rN++ MP-9 Dex+7}
   (You took it off a meliai on level 11 of the Dungeon)

   It causes projectiles fired from it to freeze those they strike, increasing
   damage dealt by approximately one third against foes not resistant or
   susceptible to cold, and potentially slowing cold-blooded foes.
   It affects your dexterity (+7).
   It greatly protects you from negative energy.
   It affects your magic capacity (-9).
Missiles
 o - a throwing net {=f}
 q - 60 javelins (quivered)
 R - 220 steel javelins
Armour
 b - a +1 robe of magic resistance
 h - a scarf of resistance (worn)
 i - the +1 pair of boots "Aniy" (worn) {rN+}
   (You bought it in a shop on level 4 of the Dungeon)

   It protects you from negative energy.
 z - a +3 ring mail
 A - a +0 troll leather armour (worn)
 H - the +4 leather armour "Quczos" {Str+3}
   (You found it on level 12 of the Dungeon)

   It affects your strength (+3).
Jewellery
 d - a +6 amulet of reflection (around neck)
 g - the ring of Ino Hat (left claw) {rC- MP+9 Str+4 Int+6 Slay+5}
   (You acquired it on level 1 of the Lair of Beasts)

   [ring of intelligence]

   It affects your strength (+4).
   It affects your intelligence (+6).
   It affects your accuracy and damage with ranged weapons and melee attacks
   (+5).
   It makes you vulnerable to cold.
   It affects your magic capacity (+9).
 N - a +3 ring of protection (right claw)
 S - a +7 ring of intelligence
Wands
 j - a wand of digging (27)
 t - a wand of enslavement (10)
 y - a wand of random effects (3)
 B - a wand of flame (29)
 F - a wand of polymorph (10)
 I - a wand of iceblast (8)
 L - a wand of clouds (3)
Scrolls
 c - 6 scrolls of amnesia
 r - 11 scrolls of remove curse
 s - 11 scrolls of teleportation
 w - 5 scrolls of identify
 C - a scroll of blinking
 K - 3 scrolls of enchant weapon
 O - a scroll of fog
 T - a scroll of enchant armour
Potions
 f - 5 potions of brilliance
 k - 2 potions of resistance
 l - a potion of lignification
 m - 10 potions of curing
 n - a potion of cancellation {unknown}
 p - 2 potions of mutation {unknown}
 E - 2 potions of ambrosia {unknown}
 G - 2 potions of agility {unknown}
 J - a potion of flight {unknown}
 M - a potion of haste {unknown}
Comestibles
 e - 22 rations {!d}
 v - 6 chunks of flesh


   Skills:
 - Level 5.2 Fighting
 - Level 5.2 Dodging
 - Level 2.0 Stealth
 + Level 10.3 Spellcasting
 - Level 8.5 Conjurations
   Level 1.0 Summonings
 - Level 1.0 Necromancy
 - Level 2.0 Translocations
 * Level 12.1 Fire Magic
 * Level 10.6 Air Magic
 - Level 6.0 Poison Magic
 + Level 0.8 Evocations


You had 4 spell levels left.
You knew the following spells:

 Your Spells              Type           Power        Failure   Level  Hunger
a - Flame Tongue          Conj/Fire      #####        1%          1    None
b - Blink                 Tloc           N/A          3%          2    None
c - Mephitic Cloud        Conj/Pois/Air  ######..     1%          3    None
d - Conjure Flame         Conj/Fire      ######..     1%          3    None
e - Olgreb's Toxic Radia  Pois           ######...    3%          4    None
f - Venom Bolt            Conj/Pois      ######....   1%          5    ####...
g - Magic Dart            Conj           ####         1%          1    None
h - Animate Dead          Necr           N/A          28%         4    None
i - Fireball              Conj/Fire      ######....   1%          5    ####...

Your spell library contained the following spells:

 Spells                   Type           Power        Failure   Level  Hunger
 Sting                    Conj/Pois      ####         1%          1    None
 Poisonous Vapours        Pois/Air       ######       1%          2    None
 Ignite Poison            Fire/Tmut/Pois ######..     1%          3    None
 Animate Skeleton         Necr           N/A          2%          1    None
 Pain                     Necr           ###...       2%          1    None
 Spider Form              Tmut/Pois      ###          3%          3    None
 Call Imp                 Summ           ###...       4%          2    None
 Vampiric Draining        Necr           ###.......   9%          3    None
 Summon Scorpions         Summ/Pois      #####...     10%         4    None
 Agony                    Necr           ###.....     28%         4    None
 Dispel Undead            Necr           ###.....     61%         5    ####...


Dungeon Overview and Level Annotations

Branches:
Dungeon (12/12)            Temple (0/1) D:7            Lair (5/6) D:7
  Swamp (0/3) Lair:3       Spider (0/3) Lair:3          Orc (1/1) D:9
 Vaults (0/3) D:12         Depths (0/5) D:12
  Slime: Lair:5-6       Elf: Orc:1

Altars:
Gozag
Makhleb
Nemelex Xobeh
Trog
Vehumet
Yredelemnul

Shops:
D:4 [   D:8 [   D:11 [

Annotations:
D:10 exclusion: downstairs
D:11 exclusions: 2 doors and 3 downstairs
D:12 exclusion: dancing weapon
Lair:1 2 exclusions, Urug
Lair:2 exclusion: oklob plant
Lair:3 exclusion: door
Lair:4 exclusion: downstairs
Lair:5 exclusion: 2 death yaks Orc Saint Roka


Innate Abilities, Weirdness & Mutations

You have a pair of large antennae on your head. (SInv)
You have claws for hands.
You have sharp toenails.
Your flesh is cold resistant. (rC+)
A weak demonic guardian rushes to your aid.
You are immune to freezing clouds.


Message History

The orc goes into a battle-frenzy!
You block the two-headed ogre's attack.
The two-headed ogre hits you with a cursed +0 giant club.
The two-headed ogre hits you with a +0 giant club!!
* * * LOW HITPOINT WARNING * * *
The two-headed ogre barely misses you. The ogre barely misses you.
You hear a shout!
The ogre shouts!
You hear a shout!
You climb upwards.
Welcome back to the Dungeon!
There is a staircase to the Orcish Mines, spattered with blood here.
Casting: Venom Bolt (safe; 1% risk of failure)
Confirm with . or Enter, or press ? or * to list all spells.
You blink.
You block the ogre's attack. The two-headed ogre closely misses you.
The two-headed ogre misses you.
Casting: Blink (safe; 3% risk of failure)
Confirm with . or Enter, or press ? or * to list all spells.
You miscast Blink.
You are very lightly contaminated with residual magic.
Nothing appears to happen.
The two-headed ogre hits you with a +0 giant spiked club!!!
You die...

#......#.........
#..(...######'###
#................
#################
#######8###.###8###8#
#≈≈≈.#...#...#...#...
#≈§..#....)..........
#§§OO))).......[....)
#§≈O@#....[..........
#≈§§.#...#...#...#...
#######8###8###.###.#
### ### ### ###


You could see 2 two-headed ogres and an ogre.

Vanquished Creatures
  A very ugly thing (D:10)
  A hydra (Lair:4)
  3 centaur warriors (D:11)
  A catoblepas (D:10)
  Erica (D:9)
  10 two-headed ogres
  2 ogre magi
  A vampire mage (D:12)
  A deep troll (D:11)
  2 skeletal warriors (D:12)
  An unseen horror (D:11)
  A necromancer (D:12)
  2 ugly things
  A manticore (D:10)
  2 elephants (Lair:5)
  A spriggan zombie (D:12)
  2 black mambas
  4 komodo dragons
  A cane toad (Lair:2)
  A yaktaur zombie (D:12)
  2 rime drakes
  5 trolls
  3 meliai (D:11)
  12 slime creatures
  An ettin zombie (D:12)
  2 hippogriffs
  A hornet (D:6)
  8 blink frogs
  A deep troll zombie (D:12)
  A centaur simulacrum (D:12)
  A redback (Lair:3)
  Sigmund (D:2)
  5 yaks (Lair:2)
  3 basilisks
  4 fire bats (Lair:4)
  2 wyverns
  3 hungry ghosts
  Menkaure (D:6)
  A steam dragon (D:4)
  2 vampire mosquitoes (Lair:3)
  An acid dragon (D:11)
  4 crocodiles
  4 porcupines
  5 water moccasins
  7 orc warriors
  An ice beast (D:11)
  2 sky beasts
  A black bear (shapeshifter) (D:12)
  A black bear (D:6)
  22 ogres
  4 phantoms
  6 wolves (Lair:2)
  6 centaurs
  9 bullfrogs
  2 scorpions
  A water moccasin skeleton (D:7)
  5 wights
  A howler monkey (D:1)
  2 crimson imps
  A lava snake (Lair:4)
  4 centaur zombies
  A quasit (D:9)
  A bullfrog zombie (D:6)
  4 centaur skeletons
  3 jellies
  5 hounds
  3 orc priests
  3 bullfrog skeletons
  12 orc wizards
  4 worker ants
  A hound skeleton (D:6)
  3 gnolls (D:6)
  6 adders
  2 shadow imps
  An ooze (D:3)
  2 worms
  4 dart slugs
  7 leopard geckos
  38 orcs
  A giant cockroach (D:1)
  5 goblins
  4 hobgoblins
  7 jackals
  2 quokkas
  3 bats
  A frilled lizard (D:2)
  17 kobolds
  5 rats
332 creatures vanquished.

Vanquished Creatures (collateral kills)
  A hydra (Lair:3)
  A centaur warrior (D:11)
  A two-headed ogre (D:3)
  2 slime creatures (D:12)
  A black mamba (Lair:1)
  A centaur skeleton (D:10)
  2 cane toads
  2 komodo dragons
  A polar bear (Lair:4)
  A troll (Orc)
  Grinder (D:3)
  3 hippogriffs
  4 blink frogs
  A fire bat (Lair:4)
  A wyvern (D:9)
  A vampire mosquito (Lair:3)
  An orc warrior (Orc)
  The ghost of Sarzael the Insei, an amateur DsMA of Wu Jian (D:3)
  A centaur (D:11)
  2 bullfrogs
  An orc wizard (D:11)
  4 orcs
34 creatures vanquished.

Vanquished Creatures (others)
  A fire bat (Lair:4)
  A bat (D:2)
  3 fungi
  2 plants
  2 toadstools (D:6)
  A withered plant (D:12)
10 creatures vanquished.

Grand Total: 376 creatures vanquished

Notes
Turn   | Place    | Note
-------+----------+-------------------------------------------
     0 | D:1      | GodsVoicemail the Demonspawn Wizard began the quest for the
                  | Orb.
     0 | D:1      | Reached XP level 1. HP: 13/13 MP: 4/4
   377 | D:1      | Gained mutation: You have sharp toenails. [demonic
                  | ancestry]
   377 | D:1      | Reached XP level 2. HP: 19/19 MP: 1/6
   380 | D:1      | Learned a level 2 spell: Blink
  1324 | D:2      | Gained mutation: You have a pair of small antennae on your
                  | head. [demonic ancestry]
  1324 | D:2      | Reached XP level 3. HP: 24/24 MP: 4/7
  1328 | D:2      | Learned a level 3 spell: Mephitic Cloud
  1576 | D:2      | Found a sparkling altar of Nemelex Xobeh.
  1603 | D:2      | Noticed Sigmund
  1754 | D:1      | Gained mutation: You have sharp fingernails. [demonic
                  | ancestry]
  1754 | D:1      | Reached XP level 4. HP: 16/30 MP: 1/8
  1818 | D:1      | Upgraded the game from bcrawl-1.28.4 to bcrawl-1.28.5
  2019 | D:2      | Learned a level 3 spell: Conjure Flame
  2079 | D:2      | Reached skill level 1 in Air Magic
  2079 | D:2      | Reached skill level 1 in Poison Magic
  2159 | D:2      | Killed Sigmund
  2160 | D:2      | Reached skill level 1 in Fire Magic
  2160 | D:2      | Gained mutation: You have a pair of antennae on your head.
                  | [demonic ancestry]
  2160 | D:2      | Reached XP level 5. HP: 22/35 MP: 1/10
  2271 | D:2      | Gained mutation: Your flesh is cold resistant. (rC+)
                  | [demonic ancestry]
  2271 | D:2      | Reached XP level 6. HP: 15/41 MP: 2/11
  2967 | D:3      | Noticed Grinder
  3050 | D:3      | Found a runed translucent gate.
  3050 | D:3      | Found a runed translucent gate.
  3050 | D:3      | Found a runed translucent gate.
  3050 | D:3      | Found an opulent altar of Gozag.
  3073 | D:3      | Noticed a two-headed ogre
  3073 | D:3      | Noticed Sarzael's ghost (amateur DsMA)
  3723 | D:4      | Reached skill level 5 in Conjurations
  3723 | D:4      | Reached skill level 2 in Fire Magic
  3774 | D:4      | Noticed a steam dragon
  4079 | D:3      | Reached XP level 7. HP: 46/46 MP: 0/13
  4363 | D:4      | Noticed a hungry ghost
  4473 | D:4      | Reached skill level 1 in Translocations
  4692 | D:4      | Found Zustaepi's Antique Armour Shop.
  4700 | D:4      | Bought a pair of ichor-stained boots for 180 gold pieces
  4706 | D:4      | Identified the +1 pair of boots "Aniy" {rN+} (You bought it
                  | in a shop on level 4 of the Dungeon)
  4755 | D:5      | Entered Level 5 of the Dungeon
  4857 | D:4      | Found a burning altar of Makhleb.
  5024 | D:4      | Killed a hungry ghost
  5025 | D:4      | Reached skill level 3 in Fire Magic
  5834 | D:6      | Noticed a troll
  5863 | D:6      | Killed a troll
  5864 | D:6      | Reached XP level 8. HP: 41/52 MP: 0/15
  6136 | D:6      | Reached skill level 5 in Spellcasting
  6137 | D:6      | Noticed a hornet
  6328 | D:6      | Noticed Menkaure
  6399 | D:6      | Reached skill level 4 in Fire Magic
  6649 | D:6      | Found a bloodstained altar of Trog.
  6828 | D:6      | Killed a hornet
  6942 | D:6      | Gained mutation: A weak demonic guardian rushes to your
                  | aid. [demonic ancestry]
  6942 | D:6      | Reached XP level 9. HP: 57/57 MP: 0/17
  7137 | D:6      | Reached skill level 5 in Fire Magic
  8659 | D:7      | Reached skill level 6 in Fire Magic
  8787 | D:7      | Found a staircase to the Ecumenical Temple.
  8841 | D:7      | Found a staircase to the Lair.
  8842 | D:7      | Noticed a komodo dragon
  8921 | D:7      | Killed a komodo dragon
  9009 | D:7      | Found a radiant altar of Vehumet.
  9136 | D:7      | Became a worshipper of Vehumet
  9218 | Lair:1   | Entered Level 1 of the Lair of Beasts
  9222 | Lair:1   | Identified a scroll of acquirement
  9222 | Lair:1   | Identified the ring of Ino Hat {rC- MP+9 Str+4 Int+6
                  | Slay+5} (You acquired it on level 1 of the Lair of Beasts)
  9222 | Lair:1   | Identified GodsVoicemail's Reference Book on Lethal
                  | Transmigration (You acquired it on level 1 of the Lair of
                  | Beasts)
  9406 | Lair:1   | Noticed a cane toad
  9418 | Lair:1   | Killed a cane toad
  9419 | Lair:1   | Gained mutation: You have very sharp fingernails. [demonic
                  | ancestry]
  9419 | Lair:1   | Reached XP level 10. HP: 63/63 MP: 20/20
  9453 | Lair:1   | Noticed a black mamba
  9462 | Lair:1   | Killed a black mamba
  9600 | Lair:1   | Learned a level 4 spell: Olgreb's Toxic Radiance
  9639 | Lair:1   | Noticed Urug
  9755 | Lair:1   | Reached skill level 7 in Fire Magic
  9792 | Lair:1   | Learned a level 5 spell: Venom Bolt
 10216 | Lair:2   | Noticed a cane toad
 10305 | Lair:2   | Noticed an oklob plant
 10365 | Lair:2   | Reached skill level 1 in Fighting
 10557 | Lair:2   | Noticed a cane toad
 10586 | Lair:2   | Killed a cane toad
 10740 | Lair:2   | Noticed a black mamba
 10749 | Lair:2   | Killed a black mamba
 10821 | Lair:2   | Reached skill level 8 in Fire Magic
 10826 | Lair:2   | Reached skill level 5 in Poison Magic
 11063 | Lair:2   | Reached skill level 5 in Air Magic
 11192 | Lair:2   | Gained mutation: You have a pair of large antennae on your
                  | head. (SInv) [demonic ancestry]
 11192 | Lair:2   | Reached XP level 11. HP: 58/73 MP: 20/22
 11943 | Lair:3   | Noticed a seven-headed hydra
 12079 | Lair:3   | Reached * piety under Vehumet
 12079 | Lair:3   | Offered knowledge of Flame Tongue by Vehumet.
 12116 | Lair:2   | Learned a level 1 spell: Flame Tongue
 12184 | Lair:3   | Found the +2 Maxwell's thermic engine {flame, freeze}
 12197 | Lair:3   | Killed a seven-headed hydra
 12322 | Lair:3   | Found a hole to the Spider Nest.
 12440 | Lair:3   | Found a staircase to the Swamp.
 12939 | Lair:4   | Reached skill level 9 in Fire Magic
 13425 | Lair:4   | Noticed a six-headed hydra
 13438 | Lair:4   | Killed a five-headed hydra
 13800 | Lair:5   | Found the +10 Black Knight's horse barding {ponderous,
                  | rPois rN+}
 13806 | Lair:5   | Noticed a death yak
 13806 | Lair:5   | Noticed a death yak
 13885 | Lair:5   | Noticed a catoblepas
 14302 | D:4      | Offered knowledge of Throw Frost by Vehumet.
 14440 | D:3      | Killed Grinder
 14751 | D:3      | Killed a two-headed ogre
 14752 | D:3      | Gained mutation: You have claws for hands. [demonic
                  | ancestry]
 14752 | D:3      | Reached XP level 12. HP: 83/83 MP: 19/24
 14752 | D:3      | Killed Sarzael's ghost
 15222 | D:8      | Found Pacy's Armour Boutique.
 16089 | D:9      | Reached ** piety under Vehumet
 16257 | D:9      | Noticed Erica
 16279 | D:9      | Killed Erica
 16280 | D:9      | Reached skill level 10 in Fire Magic
 16318 | D:9      | Noticed a two-headed ogre
 16331 | D:9      | Killed a two-headed ogre
 16526 | D:9      | Noticed a two-headed ogre
 16536 | D:9      | Killed a two-headed ogre
 17147 | D:9      | Found a staircase to the Orcish Mines.
 17261 | Orc      | Entered the Orcish Mines
 17306 | Orc      | Offered knowledge of Iskenderun's Mystic Blast by Vehumet.
 17351 | Orc      | Noticed Saint Roka
 17359 | Orc      | Noticed a two-headed ogre
 17359 | Orc      | Noticed a two-headed ogre
 17360 | Orc      | Noticed an ogre mage
 17360 | Orc      | Noticed a two-headed ogre
 17560 | D:10     | Entered Level 10 of the Dungeon
 17767 | D:10     | Reached *** piety under Vehumet
 17852 | D:10     | Noticed a two-headed ogre
 17872 | D:10     | Killed a two-headed ogre
 17929 | D:10     | Noticed a catoblepas
 18052 | D:10     | Killed a catoblepas
 18210 | D:10     | Noticed a red very ugly thing
 18217 | D:10     | Killed a red very ugly thing
 18617 | D:11     | Noticed a centaur warrior
 18626 | D:11     | Killed a centaur warrior
 18725 | D:10     | Reached skill level 11 in Fire Magic
 18756 | D:10     | Offered knowledge of Sticky Flame by Vehumet.
 18942 | D:11     | Noticed a centaur warrior
 18950 | D:11     | Identified the +7 hunting sling of the Fox {freeze, rN++
                  | MP-9 Dex+7}
 18958 | D:11     | Gained mutation: You are immune to freezing clouds.
                  | [demonic ancestry]
 18958 | D:11     | Reached XP level 13. HP: 88/88 MP: 19/26
 18961 | D:11     | Reached skill level 5 in Dodging
 19210 | D:11     | Found a basalt altar of Yredelemnul.
 19212 | D:11     | Found Udyac's Armour Shoppe.
 19289 | D:11     | Reached **** piety under Vehumet
 19719 | D:11     | Offered knowledge of Bolt of Magma by Vehumet.
 19778 | D:12     | Entered Level 12 of the Dungeon
 19800 | D:12     | Reached skill level 10 in Spellcasting
 19810 | D:12     | Reached skill level 10 in Air Magic
 19863 | D:12     | Got an encrusted leather armour
 19864 | D:12     | Identified the +4 leather armour "Quczos" {Str+3} (You
                  | found it on level 12 of the Dungeon)
 20080 | D:12     | Reached skill level 5 in Fighting
 20101 | D:12     | Found a staircase to the Depths.
 20142 | D:12     | Reached skill level 12 in Fire Magic
 20262 | D:12     | Found a gate to the Vaults.
 20586 | D:6      | Killed Menkaure
 20586 | D:6      | Reached ***** piety under Vehumet
 20722 | D:9      | Learned a level 4 spell: Animate Dead
 20839 | D:9      | Reached skill level 1 in Necromancy
 20839 | D:9      | Offered knowledge of Fireball by Vehumet.
 20846 | D:9      | Learned a level 5 spell: Fireball
 20938 | D:9      | Demolished by a two-headed ogre

Skill      XL: |  1  2  3  4  5  6  7  8  9 10 11 12 13 |
---------------+----------------------------------------+-----
Conjurations   | 2 3 4 5 6 7 8 |  8.5
Air Magic      | 1 2 5 7 9 10 | 10.6
Poison Magic   | 2 3 4 5 6 |  6.0
Fire Magic     | 1 2 3 4 6 8 9 11 12 | 12.1
Spellcasting   | 4 5 7 8 9 10 | 10.3
Translocations | 2 |  2.0
Fighting       | 2 3 5 |  5.2
Dodging        | 3 4 5 |  5.2
Necromancy     | 1 |  1.0
Stealth        | |  2.0
Summonings     | |  1.0
Evocations     | |  0.8

Action                   |  1- 3 |  4- 6 |  7- 9 | 10-12 | 13-15 || total
-------------------------+-------+-------+-------+-------+-------++-------
Melee: Staff             |     1 |    12 |    12 |       |       ||    25
       Kick              |     1 |     2 |     1 |       |       ||     4
       Hand axe          |       |       |    20 |    77 |       ||    97
       Double sword      |       |       |       |    84 |    70 ||   154
Throw: Javelin           |       |     2 |     8 |    11 |       ||    21
 Cast: Magic Dart        |    75 |   100 |   249 |   135 |     5 ||   564
       Mephitic Cloud    |       |     3 |    25 |    34 |    14 ||    76
       Conjure Flame     |       |     3 |    28 |    19 |    19 ||    69
       Blink             |       |       |     6 |    37 |    11 ||    54
       Olgreb's Toxic Ra |       |       |       |    91 |    15 ||   106
       Flame Tongue      |       |       |       |   206 |   114 ||   320
       Venom Bolt        |       |       |       |    42 |    16 ||    58
Evoke: Wand              |       |       |     4 |    30 |     6 ||    40
  Use: Scroll            |       |       |    11 |     5 |     6 ||    22
       Potion            |       |       |       |     4 |     2 ||     6
 Stab: Confused          |       |     1 |     1 |     4 |     1 ||     7
       Paralysed         |       |       |       |     2 |       ||     2
  Eat: Chunk             |     4 |     5 |    23 |    52 |    14 ||    98
       Ration            |       |     1 |     1 |     2 |       ||     4
Armor: Robe              |     5 |     2 |     3 |       |       ||    10
       Troll leather arm |       |       |    11 |    66 |    19 ||    96
Dodge: Dodged            |    20 |    17 |    50 |   147 |    62 ||   296
Block: Other             |       |       |       |       |    19 ||    19
       Reflection        |       |       |       |       |     1 ||     1
